 Dungeon Crawl Stone Soup version 0.30-a0-808-g6e0788376e (webtiles) character file.

Game seed: 13850566897986312279

82268 hikkokomori the Fighter (level 15, -3/100 HPs)
             Began as a Gargoyle Earth Elementalist on Feb 26, 2023.
             Was a High Priest of Vehumet.
             Engulfed by an ice statue's freezing vapour (28 damage)
             ... on level 1 of the Elven Halls.
             The game lasted 01:18:38 (23944 turns).

hikkokomori the Fighter (GrEE)                     Turns: 23944, Time: 01:18:38

Health: -3/100     AC: 25    Str: 13    XL:     15   Next: 73%
Magic:  3/27       EV: 14    Int: 30    God:    Vehumet [*****.]
Gold:   712        SH:  0    Dex: 16    Spells: 0/31 levels left

rFire   . . .      SeeInvis +    T - +0 scimitar of Notatesch {flame, MP-9 Int+8 Dex+4 Stlth+}
rCold   x . .      Faith    .    (no shield)
rNeg    + . .      Spirit   .    u - +1 steam dragon scales
rPois   ∞          Reflect  .    r - +2 helmet {SInv}
rElec   +          Harm     .    L - +0 cloak of Watchfulness {Regen+}
rCorr   .          Rampage  .    d - +0 pair of gloves
Will    +....                    i - +2 pair of boots
Stlth   +++++                    n - amulet of regeneration
HPRegen 1.96/turn                M - ring of wizardry
MPRegen 0.20/turn                U - ring of Due Proportion {rC- MP+9 Int+2 Slay+6}

@: flying, slightly contaminated, studying Axes
A: sickness immunity, AC +11, big wings, negative energy resistance 1,
electricity resistance, torment resistance 1, petrification resistance
a: Renounce Religion


You were on level 1 of the Elven Halls.
You worshipped Vehumet.
Vehumet was extremely pleased with you.
You visited 5 branches of the dungeon, and saw 21 of its levels.
You also visited: Sewer, Bailey, Gauntlet and Volcano.

You collected 2828 gold pieces.
You spent 2116 gold pieces at shops.

Inventory:

Hand Weapons
 o - the +7 short sword "Ojyg" {holy, rF- Will+ Int+6}
   (You found it on level 10 of the Dungeon)

   Int:       It affects your intelligence (+6).
   rF:        It makes you vulnerable to fire.
   Will:      It increases your willpower.
 T - the +0 scimitar of Notatesch (weapon) {flame, MP-9 Int+8 Dex+4 Stlth+}
   (You found it in a Gauntlet)

   Int:       It affects your intelligence (+8).
   Dex:       It affects your dexterity (+4).
   MP:        It affects your magic capacity (-9).
   Stlth:     It makes you more stealthy.
 V - a +3 heavy triple sword
Missiles
 C - 4 silver javelins
Armour
 d - a +0 pair of gloves (worn)
 i - a +2 pair of boots (worn)
 j - a +0 kite shield of protection
 r - a +2 helmet of see invisible (worn)
 u - +1 steam dragon scales (worn)
 L - the +0 cloak of Watchfulness (worn) {Regen+}
   (You bought it in a shop on level 8 of the Dungeon)

   Regen:     It increases your rate of health regeneration.
 O - the +18 Lear's hauberk
   (You found it on level 8 of the Dungeon)
Magical Staves
 Y - a staff of conjuration
Jewellery
 n - an amulet of regeneration (around neck)
 t - an amulet of the acrobat
 I - a +4 ring of protection
 M - a ring of wizardry (left hand)
 S - the ring "Pasiav" {Ice rN+}
   (You found it in a Gauntlet)

   [ring of ice]

   It enhances your ice magic.
   rF:        It makes you vulnerable to fire.
   rC:        It protects you from cold.
   rN:        It protects you from negative energy.
 U - the ring of Due Proportion (right hand) {rC- MP+9 Int+2 Slay+6}
   (You found it in a Gauntlet)

   [ring of magical power]

   Int:       It affects your intelligence (+2).
   Slay:      It affects your accuracy & damage with ranged weapons and melee
   (+6).
   rC:        It makes you vulnerable to cold.
   MP:        It affects your magic capacity (+9).
 X - a ring of ice
Wands
 p - a wand of quicksilver (9)
 s - a wand of flame (59)
 K - a wand of digging (21)
 Q - a wand of mindburst (5)
 R - a wand of polymorph (14)
 W - a wand of iceblast (4)
Scrolls
 k - 4 scrolls of fog
 l - a scroll of silence
 m - 6 scrolls of enchant weapon
 x - 4 scrolls of fear
 y - a scroll of brand weapon
 A - 11 scrolls of teleportation
 G - a scroll of poison
 J - a scroll of immolation
 N - a scroll of amnesia
 P - 4 scrolls of identify
Potions
 a - 2 potions of lignification
 b - 4 potions of magic
 e - 3 potions of curing
 f - a potion of ambrosia
 g - 4 potions of berserk rage
 h - 2 potions of cancellation
 q - a potion of mutation {unknown}
 v - 5 potions of attraction
 w - 3 potions of flight
 B - 4 potions of haste
 D - 2 potions of resistance
 F - 2 potions of brilliance
 H - 5 potions of might
Miscellaneous
 z - a condenser vane (inert)
 Z - a tin of tremorstones (2/2)


   Skills:
 - Level 13.7 Fighting
 + Level 9.1 Long Blades
 + Level 4.2 Dodging
 + Level 9.0 Stealth
 - Level 2.6 Shields
 + Level 8.9 Spellcasting
 - Level 11.8 Conjurations
 + Level 2.2 Summonings
 - Level 6.8 Transmutations
 - Level 3.2 Air Magic
 - Level 11.1 Earth Magic
 - Level 5.1 Poison Magic
 - Level 6.6 Evocations


You couldn't memorise any spells.
You knew the following spells:

 Your Spells              Type           Power      Damage    Failure   Level
a - Spellforged Servitor  Conj/Summ      26%        N/A       19%         7
b - Stone Arrow           Conj/Erth      100%       3d13      1%          3
c - Mephitic Cloud        Conj/Pois/Air  52%        N/A       1%          3
d - Leda's Liquefaction   Hex/Erth       23%        N/A       1%          4
e - Passwall              Tmut/Erth      50%        N/A       1%          2
f - Irradiate             Conj/Tmut      31%        3d22      1%          5
g - Orb of Destruction    Conj           35%        9d10      3%          7

Your spell library contained the following spells:

 Spells                   Type           Power      Damage    Failure   Level
 Sandblast                Erth           100%       2d20      1%          1
 Shock                    Conj/Air       100%       1d9       1%          1
 Call Canine Familiar     Summ           26%        N/A       1%          3
 Ignite Poison            Fire/Tmut/Pois 37%        N/A       1%          3
 Kindle Blastsparks       Fire/Tloc/Air  38%        2d13      1%          3
 Animate Armour           Summ/Erth      100%       N/A       1%          4
 Petrify                  Tmut/Erth      61%        N/A       1%          4
 Freezing Cloud           Conj/Ice/Air   21%        6-21      1%          5
 Iron Shot                Conj/Erth      35%        9d7       1%          6
 Vhi's Electric Charge    Tloc/Air       44%        N/A       2%          3
 Blade Hands              Tmut           26%        N/A       2%          5
 Summon Guardian Golem    Hex/Summ       20%        N/A       3%          3
 Portal Projectile        Hex/Tloc       26%        N/A       4%          3
 Alistair's Intoxication  Tmut/Pois      32%        N/A       4%          5
 Borgnjor's Vile Clutch   Necr/Erth      23%        N/A       4%          5
 Eringya's Noxious Bog    Tmut/Pois      24%        N/A       6%          6
 Starburst                Conj/Fire      24%        6d8       6%          6
 Silence                  Hex/Air        11%        N/A       22%         5
 Metabolic Englaciation   Hex/Ice        6%         N/A       38%         5
 Sublimation of Blood     Necr           Unusable   N/A       N/A         2
 Statue Form              Tmut/Erth      Unusable   N/A       N/A         6

Dungeon Overview and Level Annotations

Branches:
Dungeon (12/15)            Temple (1/1) D:6            Lair (5/5) D:9
  Swamp (0/4) Lair:2        Snake (0/4) Lair:3        Slime (0/5) Lair:5
    Orc (2/2) D:12            Elf (1/3) Orc:2         Sewer (visited)
 Bailey (visited)         Volcano (visited)         Gauntlet (visited)

Altars:
Ashenzari
Cheibriados
Dithmenos
Elyvilon
Fedhas
Gozag
Hepliaklqana
Kikubaaqudgha
Makhleb
Nemelex Xobeh
Okawaru
Qazlal
Ru
Sif Muna
Trog
Uskayaw
Vehumet
Wu Jian
Xom
Yredelemnul
Zin
The Shining One
Jiyva

Shops:
D:2 *   D:8 [   D:9 ?   Orc:2 ::**

Portals:
Ice
Cave: Elf:1

Annotations:
D:11 1 runed translucent door
Elf:1 exclusion: ice statue


Innate Abilities, Weirdness & Mutations

You are immune to sickness and miasma.
Your stone body is resilient. (AC +11)
You are immune to poison.
Your large and strong wings let you fly.
You resist negative energy. (rN+)
You are resistant to electric shocks. (rElec)
You are resistant to unholy torment.
You are immune to petrification.


Message History

You feel less contaminated with magical energies.
Things that are here:
a +0 dagger; a +0 shortbow; a +0 leather armour The ice statue gestures.
Items here: $ ))) [[ †.
Casting: Orb of Destruction (dangerous; 3% risk of failure)
Confirm with . or Enter, or press ? or * to list all spells.
Aiming: Orb of Destruction (dangerous; 3% risk of failure)
Press: ? - help, Shift-Dir - straight line, f - ice statue
Aim: an ice statue (severely damaged)
Casting: Orb of Destruction (dangerous; 3% risk of failure)
Confirm with . or Enter, or press ? or * to list all spells.
Aiming: Orb of Destruction (dangerous; 3% risk of failure)
Press: ? - help, Shift-Dir - straight line, f - ice statue, p - ice statue
Aim: an ice statue The orb of destruction hits the ice statue!!!
You blow up the ice statue!
Vehumet accepts your kill.
The ice beast disappears in a puff of smoke!
The ice statue gestures.
Casting: Orb of Destruction (dangerous; 3% risk of failure)
Confirm with . or Enter, or press ? or * to list all spells.
You don't have enough magic to cast this spell.
Unknown command.
The orb of destruction hits the ice statue!!!
The ice statue is heavily damaged.
The ice statue gestures at you. The bolt of cold misses you.
Things that are here:
a +0 long sword; a +0 leather armour The ice statue gestures at you.
The freezing blast misses you.
You are engulfed in freezing vapours.
* * * LOW HITPOINT WARNING * * *
The ice beast hits you but does no damage.
You are engulfed in freezing vapours.
* * * LOW HITPOINT WARNING * * *
There is a frozen archway here.
You are engulfed in freezing vapours.
You die...

*,.......# #)#######+####
*,#.##.#.# ####.# #....#H!#
*.#,*#.#.#####....# #.⌠..#GG#
#.*,*#.#.##.....#.##*#....#WG#
#,*,,...........)...##....#..#
*,*,,#.#.#.......###.#.§..#..#
*,*,,*.#..........#*,#.....ee#
*,,,,,............##.#########
****,***#...8@......#* **,*
**,** #....Y○☼..### **,**
**,,,**#....☼○○..# **,**
*,,,,........°○○.# ##,**
*,,,,...........'## #.#*
****,,,,.^...........## *#.#*
*,,,,,,,.....####)....## *#.##
*,,,,,,,.....*##.).....## ##.##
*,,,,,,,,...,*#..)).....####...#


You could see an ice statue and an ice beast (summoned).

Vanquished Creatures
  Rupert (Orc:2)
  Jorgrun (D:12)
  Frances (Elf:1)
  A quicksilver ooze (Gauntlet)
  A dire elephant (Lair:5)
  A minotaur (Gauntlet)
  Fannar (D:12)
  Josephine (D:12)
  An ogre mage (Orc:2)
  A catoblepas (Lair:5)
  2 vault guards (Bailey)
  5 hydras
  4 two-headed ogres
  A boulder beetle (D:11)
  2 dancing weapons (Elf:1)
  3 death yaks (Lair:5)
  An orc high priest (Orc:2)
  2 deep elf knights (Elf:1)
  A soul eater (Gauntlet)
  Sonja (Lair:4)
  5 deep elf archers (Elf:1)
  An orange crystal statue (D:12)
  Pikel (D:7)
  An orc knight (D:10)
  3 lindwurms (Lair:5)
  A necromancer (Gauntlet)
  3 deep elf zephyrmancers (Elf:1)
  5 orc sorcerers
  5 manticores
  2 oklob plants
  7 deep elf pyromancers
  2 ugly things
  3 cyclopes
  A wolf spider (Lair:5)
  2 ice statues
  2 elephants (Lair:5)
  A guardian serpent (Lair:5)
  8 black mambas
  A smoke demon (Volcano)
  20 cane toads
  Maggie (D:7)
  4 rime drakes
  9 komodo dragons
  2 burning bushes (Lair:5)
  2 red devils (Volcano)
  3 polar bears (Lair:5)
  5 trolls
  2 hornets (Lair:5)
  Grinder (D:3)
  2 dream sheep (Lair:5)
  Prince Ribbit (Bailey)
  An air elemental (Elf:1)
  2 shadows (D:11)
  A water elemental (Elf:1)
  7 wraiths
  A vampire (D:11)
  16 wyverns
  4 humans (Bailey)
  5 basilisks
  72 yaks
  A steam dragon (D:6)
  3 redbacks (Lair:5)
  A warg (Orc:2)
  3 nagas (Lair:3)
  An acid dragon (D:10)
  14 orc warriors
  24 water moccasins
  Pargi (Sewer)
  A sky beast (D:7)
  3 black bears
  5 centaurs
  8 wolves
  7 ogres
  2 phantoms (D:4)
  The ghost of groundbeetle the Digger, an amateur DsEE of Vehumet (D:3)
  15 bullfrogs
  3 kobold brigands
  A gnoll sergeant (D:7)
  3 scorpions
  2 necrophages
  4 wights
  8 killer bees
  4 howler monkeys
  6 jellies
  21 orc priests
  Crazy Yiuf (D:7)
  2 gnoll boudas
  2 hounds
  Ijyb (D:5)
  Natasha (thrice) (D:4)
  3 iguanas
  31 orc wizards
  4 hell rats (Lair:5)
  Robin (D:3)
  17 gnolls
  7 adders
  2 shadow imps (Gauntlet)
  4 white imps
  An ufetubus (D:5)
  3 dart slugs
  A worm (D:2)
  37 orcs
  3 ball pythons
  10 endoplasms
  3 giant cockroaches
  18 hobgoblins
  6 jackals
  8 kobolds
  4 quokkas
  5 bats
  4 frilled lizards
  21 goblins
  2 rats (D:1)
593 creatures vanquished.

Vanquished Creatures (others)
  A deep elf knight (Elf:1)
  An orc priest (Orc:2)
  A goblin (D:3)
  3 bushes (Lair:5)
  13 demonic plants (Gauntlet)
  42 fungi
  70 plants
  25 withered plants (Gauntlet)
156 creatures vanquished.

Grand Total: 749 creatures vanquished

Notes
Turn   | Place    | Note
-------+----------+-------------------------------------------
     0 | D:1      | hikkokomori the Gargoyle Earth Elementalist began the quest
                  | for the Orb.
     0 | D:1      | Reached XP level 1. HP: 10/10 MP: 3/3
   345 | D:1      | Found a faded altar of an unknown god.
   345 | D:1      | Noticed an eye of devastation
   347 | D:1      | Noticed a golden eye
   353 | D:1      | Noticed a golden eye
   356 | D:1      | Noticed a shining eye
   379 | D:1      | Reached XP level 2. HP: 15/15 MP: 3/5
  1189 | D:2      | Reached XP level 3. HP: 19/19 MP: 4/6
  1460 | D:2      | Found Ygaschex's General Store.
  1912 | D:2      | Got the Teachings on Windy Pestilence
  2126 | D:2      | Reached XP level 4. HP: 24/24 MP: 5/7
  2130 | D:2      | Learned a level 3 spell: Stone Arrow
  2134 | D:2      | Learned a level 3 spell: Mephitic Cloud
  2487 | D:3      | Noticed Robin
  2497 | D:3      | Killed Robin
  2687 | D:3      | Found a large runed translucent door.
  2687 | D:3      | Found a large runed translucent door.
  2691 | D:3      | Noticed groundbeetle's ghost (amateur DsEE)
  2804 | D:3      | Noticed Grinder
  2815 | D:3      | Paralysed by Grinder for 4 turns
  2826 | D:3      | Killed Grinder
  2827 | D:3      | Reached skill level 2 in Fighting
  2827 | D:3      | Reached skill level 1 in Air Magic
  2827 | D:3      | Reached skill level 1 in Poison Magic
  2827 | D:3      | Reached XP level 5. HP: 30/30 MP: 0/8
  2827 | D:3      | Reached XP level 6. HP: 35/35 MP: 0/9
  3500 | D:4      | Reached XP level 7. HP: 36/40 MP: 5/10
  3503 | D:4      | Reached skill level 5 in Stealth
  3838 | D:4      | Noticed Natasha
  3842 | D:4      | Killed Natasha
  3932 | D:4      | Reached skill level 3 in Fighting
  4138 | D:4      | Noticed Natasha
  4143 | D:4      | Killed Natasha
  4178 | D:4      | Found a glowing silver altar of Zin.
  4274 | D:4      | Noticed Natasha
  4279 | D:4      | Killed Natasha
  4385 | D:5      | Entered Level 5 of the Dungeon
  4486 | D:5      | Reached XP level 8. HP: 47/47 MP: 3/11
  4818 | D:5      | Reached skill level 4 in Fighting
  5362 | D:5      | Noticed Ijyb
  5370 | D:5      | Killed Ijyb
  5564 | D:6      | Found a blossoming altar of Fedhas.
  5737 | D:6      | Reached skill level 5 in Earth Magic
  5840 | D:6      | Found a bloodstained altar of Trog.
  5920 | D:6      | Found a glowing drain.
  5925 | Sewer    | Entered a sewer
  5956 | Sewer    | Noticed Pargi
  5966 | Sewer    | Killed Pargi
  6167 | D:6      | Found a shadowy altar of Dithmenos.
  6174 | D:6      | Reached skill level 5 in Fighting
  6174 | D:6      | Reached skill level 5 in Conjurations
  6521 | D:6      | Found a staircase to the Ecumenical Temple.
  6563 | Temple   | Entered the Ecumenical Temple
  6814 | D:6      | Reached XP level 9. HP: 54/54 MP: 9/12
  7096 | D:6      | Reached skill level 5 in Poison Magic
  7253 | D:7      | Noticed Maggie
  7411 | D:7      | Found a radiant altar of Vehumet.
  7427 | D:7      | Became a worshipper of Vehumet
  7438 | D:7      | Killed Maggie
  7439 | D:7      | Reached skill level 6 in Fighting
  7562 | D:7      | Found a flagged portal.
  7592 | Bailey   | Entered a bailey
  7786 | Bailey   | Reached XP level 10. HP: 60/61 MP: 12/15
  7914 | Bailey   | Noticed Prince Ribbit
  7914 | Bailey   | Noticed a vault guard
  7955 | Bailey   | Killed Prince Ribbit
  7971 | Bailey   | Noticed a vault guard
  7981 | Bailey   | Killed a vault guard
  7982 | Bailey   | Reached skill level 7 in Fighting
  7982 | Bailey   | Reached skill level 1 in Evocations
  8114 | Bailey   | Killed a vault guard
  8450 | D:7      | Noticed Pikel
  8457 | D:7      | Killed Pikel
  8591 | D:7      | Found a sacrificial altar of Ru.
  8673 | D:7      | Found a runed translucent door.
  8674 | D:7      | Noticed Crazy Yiuf
  8850 | D:7      | Killed Crazy Yiuf
  8963 | D:8      | Found Pudghanas's Armour Shop.
  8969 | D:8      | Bought the +0 cloak of Watchfulness {Regen+} for 138 gold
                  | pieces
  9108 | D:8      | Reached * piety under Vehumet
  9108 | D:8      | Offered knowledge of Magic Dart by Vehumet.
  9124 | D:8      | Reached skill level 5 in Spellcasting
  9130 | D:8      | Reached skill level 8 in Fighting
  9130 | D:8      | Reached XP level 11. HP: 59/68 MP: 7/18
  9262 | D:8      | Found the +18 Lear's hauberk
 10199 | D:9      | Found The Oracle's Delphic Readings.
 10204 | D:9      | Bought a book of Sloth for 360 gold pieces
 10204 | D:9      | Bought a scroll of identify for 20 gold pieces
 10212 | D:9      | Learned a level 4 spell: Leda's Liquefaction
 10215 | D:9      | Learned a level 2 spell: Passwall
 10394 | D:9      | Found a staircase to the Lair.
 10670 | D:9      | Found a shimmering blue altar of Sif Muna.
 10767 | D:9      | You fall into a shaft and drop 3 floors!
 10818 | D:11     | Found a runed translucent door.
 10819 | D:11     | Noticed a frost giant
 10845 | D:11     | Noticed a two-headed ogre
 10853 | D:11     | Killed a two-headed ogre
 10854 | D:11     | Reached skill level 9 in Fighting
 10876 | D:11     | Reached skill level 10 in Earth Magic
 11125 | D:10     | Entered Level 10 of the Dungeon
 11198 | D:10     | Noticed an orc knight
 11198 | D:10     | Noticed a cyclops
 11658 | D:3      | Killed groundbeetle's ghost
 11855 | Lair:1   | Entered Level 1 of the Lair of Beasts
 11864 | Lair:1   | Reached ** piety under Vehumet
 11864 | Lair:1   | Offered knowledge of Scorch by Vehumet.
 11880 | Lair:1   | Reached skill level 5 in Evocations
 12558 | Lair:1   | You fall into a shaft and drop 1 floor!
 12575 | Lair:2   | Found a gate leading to a gauntlet.
 12584 | Gauntlet | Entered a Gauntlet
 12584 | Gauntlet | Found a transporter.
 12586 | Gauntlet | Noticed a necromancer
 12603 | Gauntlet | Found a transporter.
 12608 | Gauntlet | Found a transporter.
 12613 | Gauntlet | Found a transporter.
 12615 | Gauntlet | Noticed a hell hog
 12630 | Gauntlet | Found a transporter.
 12645 | Gauntlet | Noticed a blizzard demon
 12648 | Gauntlet | Found a transporter.
 12659 | Gauntlet | Noticed a quicksilver ooze
 12660 | Gauntlet | Found a transporter.
 12672 | Gauntlet | Found a transporter.
 12675 | Gauntlet | Noticed a hell beast
 12680 | Gauntlet | Found a large runed translucent door.
 12681 | Gauntlet | Found a large runed translucent door.
 12682 | Gauntlet | Found a large runed translucent door.
 12682 | Gauntlet | Found a large runed translucent door.
 12682 | Gauntlet | Noticed a reaper
 12683 | Gauntlet | Found a runed translucent gate.
 12684 | Gauntlet | Found a transporter.
 12684 | Gauntlet | Found a runed translucent gate.
 12685 | Gauntlet | Found a runed translucent gate.
 12686 | Gauntlet | Found a large runed translucent door.
 12686 | Gauntlet | Found a large runed translucent door.
 12687 | Gauntlet | Found a large runed translucent door.
 12688 | Gauntlet | Found a large runed translucent door.
 12696 | Gauntlet | Found a transporter.
 12713 | Gauntlet | Found a transporter.
 12727 | Gauntlet | Found a large runed translucent door.
 12728 | Gauntlet | Found a large runed translucent door.
 12729 | Gauntlet | Found a large runed translucent door.
 12729 | Gauntlet | Found a large runed translucent door.
 12916 | Gauntlet | Found a runed translucent door.
 12917 | Gauntlet | Found a transporter.
 12918 | Gauntlet | Found a runed translucent door.
 12919 | Gauntlet | Found a large runed translucent door.
 12919 | Gauntlet | Found a transporter.
 12919 | Gauntlet | Found a large runed translucent door.
 12920 | Gauntlet | Found a large runed translucent door.
 12921 | Gauntlet | Found a large runed translucent door.
 12927 | Gauntlet | Noticed a necromancer
 12947 | Gauntlet | Noticed a soul eater
 12960 | Gauntlet | Found a transporter.
 12991 | Gauntlet | Found a transporter.
 12991 | Gauntlet | Found a transporter.
 13000 | Gauntlet | Killed a soul eater
 13001 | Gauntlet | Reached XP level 12. HP: 48/77 MP: 4/22
 13005 | Gauntlet | Found a transporter.
 13025 | Gauntlet | Found a transporter.
 13142 | Gauntlet | Identified the ring "Pasiav" {Ice rN+}
 13247 | Gauntlet | Killed a quicksilver ooze
 13358 | Gauntlet | Identified the +0 scimitar of Notatesch {flame, MP-9 Int+8
                  | Dex+4 Stlth+}
 13383 | Gauntlet | Identified the ring of Due Proportion {rC- MP+9 Int+2
                  | Slay+6}
 13494 | Gauntlet | Identified the amulet of Ziyhidopp {Spirit Harm}
 13494 | Gauntlet | Noticed a minotaur
 13507 | Gauntlet | Killed a minotaur
 13508 | Gauntlet | Reached skill level 10 in Fighting
 13734 | D:9      | Bought a book of Alchemy for 280 gold pieces
 13750 | D:9      | Learned a level 5 spell: Irradiate
 13873 | Lair:2   | Reached skill level 1 in Transmutations
 13950 | Lair:2   | Reached skill level 1 in Long Blades
 14115 | Lair:2   | Offered knowledge of Searing Ray by Vehumet.
 14549 | Lair:2   | Found a staircase to the Swamp.
 14572 | Lair:2   | Reached *** piety under Vehumet
 14831 | Lair:3   | Noticed an eight-headed hydra
 14871 | Lair:3   | Killed a six-headed hydra
 15199 | Lair:3   | Found a staircase to the Snake Pit.
 15296 | Lair:3   | Reached skill level 11 in Fighting
 15740 | Lair:3   | Reached XP level 13. HP: 84/84 MP: 13/23
 15954 | Lair:4   | Noticed Sonja
 15959 | Lair:4   | Killed Sonja
 15964 | Lair:4   | Offered knowledge of Dazzling Flash by Vehumet.
 16841 | Lair:5   | Entered Level 5 of the Lair of Beasts
 16993 | Lair:5   | Noticed a dire elephant
 16997 | Lair:5   | Found the +7 Spriggan's Knife {stab, EV+4 Stlth+}
 17005 | Lair:5   | Reached **** piety under Vehumet
 17025 | Lair:5   | Offered knowledge of Inner Flame by Vehumet.
 17046 | Lair:5   | Reached skill level 5 in Long Blades
 17106 | Lair:5   | Reached skill level 12 in Fighting
 17121 | Lair:5   | Found a dark tunnel.
 17126 | Lair:5   | Reached skill level 5 in Transmutations
 17156 | Volcano  | Entered a volcano
 17450 | Lair:5   | Reached skill level 10 in Conjurations
 17460 | Lair:5   | Found a runed translucent door.
 17460 | Lair:5   | Found a viscous altar of Jiyva.
 17461 | Lair:5   | Found a staircase to the Slime Pits.
 17509 | Lair:5   | Reached ***** piety under Vehumet
 17509 | Lair:5   | Offered knowledge of Lightning Bolt by Vehumet.
 17510 | Lair:5   | Gained mutation: Your large and strong wings let you fly.
                  | [Gargoyle growth]
 17510 | Lair:5   | Reached XP level 14. HP: 44/92 MP: 24/24
 17798 | Lair:5   | Killed a dire elephant
 17983 | Lair:5   | Reached skill level 13 in Fighting
 18545 | Lair:5   | Learned a level 7 spell: Orb of Destruction
 19426 | D:10     | Identified the +7 short sword "Ojyg" {holy, rF- Will+
                  | Int+6}
 20557 | D:8      | Bought a +0 kite shield of protection for 138 gold pieces
 20616 | D:12     | Noticed Fannar
 20617 | D:12     | Noticed Jorgrun
 20620 | D:12     | Killed Fannar
 20632 | D:12     | Killed Jorgrun
 20743 | D:12     | Reached XP level 15. HP: 100/100 MP: 13/26
 20750 | D:12     | Offered knowledge of Sticky Flame by Vehumet.
 21033 | D:12     | Reached skill level 1 in Shields
 21036 | D:12     | Found a staircase to the Orcish Mines.
 21046 | D:12     | Noticed Josephine
 21053 | D:12     | Killed Josephine
 21977 | Orc:1    | Entered Level 1 of the Orcish Mines
 22124 | Orc:2    | Entered Level 2 of the Orcish Mines
 22131 | Orc:2    | Noticed Rupert
 22135 | Orc:2    | Killed Rupert
 22726 | Orc:2    | Offered knowledge of Starburst by Vehumet.
 22760 | Orc:2    | Learned a level 6 spell: Starburst
 22764 | Orc:2    | Found a staircase to the Elven Halls.
 22970 | Orc:2    | Paralysed by an orc sorcerer for 2 turns
 23005 | Orc:2    | Found Ejets's Assorted Antiques.
 23013 | Orc:2    | Found Uggaly's Book Emporium.
 23014 | Orc:2    | Found Toanlo's Book Emporium.
 23018 | Orc:2    | Found Jiuhid's General Store.
 23022 | Orc:2    | Bought a condenser vane for 520 gold pieces
 23027 | Orc:2    | Bought a Trismegistus Codex for 280 gold pieces
 23027 | Orc:2    | Bought Great Wizards, Vol. II for 380 gold pieces
 23035 | Orc:2    | Learned a level 7 spell: Spellforged Servitor
 23352 | Elf:1    | Entered Level 1 of the Elven Halls
 23365 | Elf:1    | Noticed a sphinx
 23382 | Elf:1    | Found a frozen archway.
 23386 | Elf:1    | Noticed Frances
 23413 | Elf:1    | Killed Frances
 23528 | Elf:1    | Reached skill level 1 in Summonings
 23944 | Elf:1    | Engulfed by an ice statue's freezing vapour

Illustrated notes

Levels and vault maps discovered:
D:1:      heliophobic_arrival_ceremonial_halls, layout_loops_corners,
          hellmonk_ecumenical_altar_watching_god, skrybe_limestone_x
D:2:      layout_basic, serial_shops, nicolae_square_shop
D:3:      layout_loops_ring, ebering_ghost_disaster_area, uniq_grinder,
          uniq_robin
D:4:      layout_loops_ring, kennysheep_mini_moat, kennysheep_generic_room_6,
          uniq_natasha
D:5:      cheibrodos_helix_gallery, layout_basic,
          nicolae_ossuary_entry_monument, uniq_ijyb
D:6:      minmay_razor_zed, layout_basic, mainiacjoe_overflow_alcove_1,
          mainiacjoe_overflow_catwalk, nicolae_dithmenos_the_darkroom,
          minmay_temple_entry_hall, portal_sewer_entry_e, serial_rivers,
          chequers_serial_rivers_micro_a, chequers_serial_rivers_micro_e,
          chequers_serial_rivers_micro_c, chequers_serial_rivers_small_3,
          chequers_serial_rivers_room_b, chequers_serial_rivers_micro_e
D:7:      layout_rooms, mainiacjoe_overflow_chevrons,
          nicolae_vehumet_altar_sigil, enter_bailey_3, uniq_crazy_yiuf_cottage,
          uniq_pikel, uniq_maggie
D:8:      layout_basic, serial_shops, nicolae_stop_n_shop_2
D:9:      layout_long_grid, marbit_many_paths, grunt_lair_entry_orc_guard_hut,
          nicolae_nh_oracle_at_delphi
D:10:     layout_stronghold, minmay_mirror_moons_of_madness
D:11:     layout_gridville, minivault_13
D:12:     minmay_separated_statues, layout_long_grid, erik_orc_3, uniq_fannar,
          uniq_jorgrun, uniq_josephine
Temple:   hellmonk_temple_of_storms
Lair:1:   layout_long_grid, st_stairs_8
Lair:2:   layout_cave_pods, swamp_mist_pool, gauntlet_entry_generic,
          serial_bayou_shore_b
Lair:3:   layout_chaotic_city, minmay_snake_entry_guardpost_small
Lair:4:   layout_regular_city, uniq_sonja
Lair:5:   hangedman_lair_in_review, layout_gridlike,
          hangedman_lair_tendril_chambers, slime_entry_2,
          nicolae_volcano_entry_lava_flow, evilmike_ambush
          [evilmike_ambush_outer_doors, evilmike_ambush_inner_cross]
Orc:1:    layout_caves, serial_shops, shop, ebering_ghost_reflecting_pool,
          uniq_maurice
Orc:2:    st_orc_mages, layout_diamond_mine, uniq_rupert
Elf:1:    eino_elf_arrival_shootout, layout_loops_corners,
          portal_ice_cave_entry_ice_statue_two, orc_legates,
          hangedman_research_probablistics, uniq_frances

Skill      XL: |  1  2  3  4  5  6  7  8  9 10 11 12 13 14 15 |
---------------+----------------------------------------------+-----
Earth Magic    | 4 5 7 8 10 11 | 11.1
Stealth        | 3 4 5 6 8 9 |  9.0
Fighting       | 2 3 5 6 8 9 11 12 13 | 13.7
Conjurations   | 2 3 5 6 8 10 11 | 11.8
Air Magic      | 1 2 3 |  3.2
Poison Magic   | 1 2 3 4 5 |  5.1
Spellcasting   | 3 5 6 7 8 |  8.9
Evocations     | 3 5 6 |  6.6
Transmutations | 3 5 6 |  6.8
Long Blades    | 3 6 7 9 |  9.1
Shields        | 2 |  2.6
Dodging        | 4 |  4.2
Summonings     | 2 |  2.2

Action                     |  1- 3 |  4- 6 |  7- 9 | 10-12 | 13-15 || total
---------------------------+-------+-------+-------+-------+-------++-------
  Melee: Short sword       |       |    19 |   151 |   261 |       ||   431
         Punch             |       |     1 |     4 |     4 |     9 ||    18
         Broad axe         |       |       |       |    17 |       ||    17
         Scimitar          |       |       |       |   127 |   664 ||   791
   Cast: Sandblast         |    49 |    49 |   197 |   146 |    24 ||   465
         Mephitic Cloud    |       |       |     1 |    29 |    19 ||    49
         Stone Arrow       |       |       |       |    52 |    65 ||   117
         Leda's Liquefacti |       |       |       |     6 |     2 ||     8
         Irradiate         |       |       |       |     3 |    46 ||    49
         Orb of Destructio |       |       |       |       |    42 ||    42
  Evoke: Wand              |       |     1 |     5 |     7 |    11 ||    24
         Tin of tremorston |       |       |       |       |     4 ||     4
         Condenser vane    |       |       |       |       |     1 ||     1
    Use: Potion            |       |     1 |       |     4 |    14 ||    19
         Scroll            |       |       |    15 |    11 |    15 ||    41
   Stab: Sleeping          |       |       |     2 |     5 |    15 ||    22
         Confused          |       |       |       |    17 |    17 ||    34
         Invisible         |       |       |       |       |     6 ||     6
         Petrified         |       |       |       |       |     1 ||     1
         Distracted        |       |       |       |       |     3 ||     3
 Armour: Robe              |     6 |    18 |    99 |       |       ||   123
         Steam dragon scal |       |       |    89 |   357 |   510 ||   956
  Dodge: Dodged            |     6 |    26 |   217 |   362 |   556 ||  1167

Table legend: (Time is in decaauts)
 A = Elapsed time spent in this place.
 B = Non-inter-level travel time spent in this place.
 C = Inter-level travel time spent in this place.
 D = Time resting spent in this place.
 E = Time spent auto-exploring this place.
 F = Levels seen in this place.
 G = Mean time per level.
                   A        B        C        D        E       F      G
               +--------+--------+--------+--------+--------+-----+--------+
         Total |  24348 |  22376 |   1972 |   1366 |  14859 |  25 |  973.9 |
       Dungeon |  14051 |  12704 |   1347 |    207 |   9620 |  12 | 1170.9 |
        Temple |     85 |     47 |     38 |      0 |     22 |   1 |   85.0 |
          Lair |   5950 |   5449 |    501 |    336 |   3756 |   5 | 1190.0 |
  Orcish Mines |   1372 |   1287 |     85 |    286 |    590 |   2 |  686.0 |
   Elven Halls |    577 |    577 |      0 |     12 |    314 |   1 |  577.0 |
         Sewer |    277 |    277 |      0 |      0 |    199 |   1 |  277.0 |
        Bailey |    811 |    811 |      0 |    296 |    190 |   1 |  811.0 |
       Volcano |    214 |    214 |      0 |     48 |     14 |   1 |  214.0 |
      Gauntlet |   1007 |   1007 |      0 |    181 |    154 |   1 | 1007.0 |
               +--------+--------+--------+--------+--------+-----+--------+

Top non-repeatable levels by time:
  Lair:5: 1717 daAuts
     D:6: 1519 daAuts
    D:12: 1383 daAuts
     D:3: 1315 daAuts
     D:9: 1280 daAuts
    D:10: 1244 daAuts
     D:5: 1225 daAuts
  Lair:3: 1215 daAuts
     D:1: 1175 daAuts
     D:4: 1164 daAuts
   Orc:2: 1111 daAuts
  Lair:2: 1111 daAuts
     D:8: 1084 daAuts
     D:2: 1026 daAuts
Gauntlet: 1007 daAuts
